 Dungeon Crawl Stone Soup version 0.28-a0-1555-g9ae15a6949 (webtiles) character file.

Game seed: 8977178559879564427

75364 sbbq2022 the Slicer (level 15, -1/99 (103) HPs)
             Began as a Human Monk on Jan 18, 2022.
             Was the Champion of Hepliaklqana.
             Slain by a fire elemental (13 damage)
             ... led by Azrael
             ... on level 2 of the Orcish Mines.
             The game lasted 00:53:28 (28943 turns).

sbbq2022 the Slicer (Human Monk)                   Turns: 28943, Time: 00:53:29

HP:   -1/99 (103)   AC: 16    Str: 16      XL:     15   Next: 98%
MP:   23/23         EV: 18    Int: 15 (16) God:    Hepliaklqana [******]
Gold: 2204          SH:  8    Dex: 18      Spells: 9/25 levels left

rFire   . . .      SeeInvis .   a - +4 scimitar (flame)
rCold   + . .      Faith    .   Y - +2 buckler "Bafiehopp" {rC+ rCorr}
rNeg    . . .      Spirit   .   I - +0 steam dragon scales
rPois   .          Reflect  .   r - +0 helmet
rElec   .          Harm     .   k - +0 cloak
rCorr   +          Rampage  .   d - +0 pair of gloves
Will    +++..                   Q - +0 pair of boots
Stlth   ++++......              N - amulet of regeneration
HPRegen 1.06/turn               e - +4 ring of protection
MPRegen 0.18/turn               U - ring "Loer Mounale" {Will++ Str+5 Slay+4}

@: lightly drained
A: reduced essence
a: Renounce Religion, Recall Ancestor, Ancestor Identity, Transference, Idealise


You were on level 2 of the Orcish Mines.
You worshipped Hepliaklqana.
Hepliaklqana was exalted by your worship.
You visited 4 branches of the dungeon, and saw 23 of its levels.
You also visited: Bailey and Volcano.

You collected 2246 gold pieces.
You spent 42 gold pieces at shops.

Inventory:

Hand Weapons
 a - a +4 scimitar of flaming (weapon)
Missiles
 J - 3 throwing nets (quivered)
Armour
 d - a +0 pair of gloves (worn)
 g - the +0 helmet of Beogh's Supremacy {rC++ Will- Regen+}
   (You found it in a bailey)

   rC:        It greatly protects you from cold.
   Regen:     It increases your rate of health regeneration.
   Will:      It decreases your willpower.
 k - a +0 cloak (worn)
 q - a +0 troll leather armour
 r - a +0 helmet (worn)
 I - +0 steam dragon scales (worn)
 Q - a +0 pair of boots (worn)
 Y - the +2 buckler "Bafiehopp" (worn) {rC+ rCorr}
   (You found it on level 4 of the Lair of Beasts)

   rC:        It protects you from cold.
   rCorr:     It protects you from acid and corrosion.
Jewellery
 e - a +4 ring of protection (left hand)
 x - a ring of poison resistance
 C - a ring of fire
 N - an amulet of regeneration (around neck)
 T - an amulet of magic regeneration
 U - the ring "Loer Mounale" (right hand) {Will++ Str+5 Slay+4}
   (You found it on level 3 of the Lair of Beasts)

   [ring of slaying]

   Str:       It affects your strength (+5).
   Slay:      It affects your accuracy & damage with ranged weapons and melee
   (+4).
   Will:      It greatly increases your willpower.
Wands
 i - a wand of flame (83)
 y - a wand of acid (2)
 E - a wand of paralysis (7)
 H - a wand of polymorph (9)
 M - a wand of mindburst (2)
 W - a wand of charming (10)
Scrolls
 c - 6 scrolls of magic mapping {unknown}
 h - 3 scrolls of holy word
 j - 8 scrolls of teleportation
 o - 4 scrolls of immolation {unknown}
 p - 4 scrolls of blinking
 s - a scroll of amnesia {unknown}
 v - 2 scrolls of fog {unknown}
 A - 4 scrolls of summoning
 B - 4 scrolls of fear {unknown}
 F - a scroll of silence {unknown}
 G - a scroll of brand weapon {unknown}
 K - 3 scrolls of vulnerability {unknown}
 L - 3 scrolls of enchant armour {unknown}
 O - 2 scrolls of enchant weapon {unknown}
Potions
 b - 2 potions of magic {unknown}
 f - 4 potions of degeneration
 l - 6 potions of brilliance
 m - 4 potions of flight
 n - 2 potions of attraction
 t - 4 potions of curing
 u - 3 potions of haste
 z - 4 potions of heal wounds
 D - 4 potions of lignification
 S - 13 potions of ambrosia
 V - 3 potions of might
 X - 2 potions of invisibility


   Skills:
 + Level 10.2 Fighting
 - Level 12.5(13.2) Short Blades
 * Level 6.5(10.4) Long Blades
 + Level 9.7 Armour
 + Level 10.2 Dodging
 - Level 8.3 Stealth
 + Level 5.4 Shields
 + Level 5.7 Spellcasting
 * Level 6.2 Conjurations
 * Level 6.3 Summonings
 * Level 9.2 Air Magic


You had 9 spell levels left.
You knew the following spells:

 Your Spells              Type           Power      Damage    Failure   Level
a - Blink                 Tloc           8%         N/A       28%         2
b - Conjure Ball Lightni  Conj/Air       13%        3x3d6     77%         6
c - Iskenderun's Battles  Conj           23%        2d8       38%         5
d - Call Canine Familiar  Summ           23%        N/A       4%          3

Your spell library contained the following spells:

 Spells                   Type           Power      Damage    Failure   Level
 Summon Small Mammal      Summ           92%        N/A       1%          1
 Static Discharge         Conj/Air       27%        N/A       1%          2
 Swiftness                Air            32%        N/A       1%          3
 Summon Guardian Golem    Hex/Summ       13%        N/A       16%         3
 Ensorcelled Hibernation  Hex/Ice        8%         N/A       28%         2
 Passwall                 Tmut/Erth      3%         N/A       28%         2
 Scorch                   Fire           8%         2d5       28%         2
 Flame Wave               Conj/Fire      13%        2d5       47%         4
 Sticky Flame             Conj/Fire      13%        2d4       47%         4
 Lesser Beckoning         Tloc           4%         N/A       50%         3
 Fireball                 Conj/Fire      6%         3d5       83%         5
 Dispel Undead            Necr           4%         3d7       88%         4
 Summon Cactus Giant      Summ           11%        N/A       91%         6
 Manifold Assault         Tloc           4%         N/A       99%         5
 Orb of Destruction       Conj           11%        9d6       100%        7
 Storm Form               Tmut/Air       9%         N/A       100%        7


Dungeon Overview and Level Annotations

Branches:
Dungeon (14/15)            Temple (1/1) D:5            Lair (6/6) D:8
 Shoals (0/4) Lair:3       Spider (0/4) Lair:2        Slime (0/5) Lair:6
    Orc (2/2) D:11            Elf (0/3) Orc:2        Bailey (visited)
Volcano (visited)
 Vaults: D:13-14

Altars:
Ashenzari
Cheibriados
Dithmenos
Elyvilon
Fedhas
Gozag
Hepliaklqana
Kikubaaqudgha
Makhleb
Nemelex Xobeh
Okawaru
Qazlal
Ru
Sif Muna
Trog
Uskayaw
Vehumet
Wu Jian
Xom
Yredelemnul
Zin
The Shining One
Beogh
Jiyva

Shops:
D:9 (   D:10 *[   Orc:1 =

Annotations:
D:9 3 runed translucent doors, exclusion: obsidian statue, petzl's ghost, weakling FoAM
D:10 3 runed translucent doors, lonewolfV2's ghost, journeyman MiFi; squill's ghost, journeyman HOCj
Lair:6 1 runed translucent door, Bunu's ghost, journeyman TeAE
Orc:2 Azrael


Message History

The orc knight wields a +0 arbalest.
The orc knight shoots a bolt.
The bolt hits Nozipho!
Nozipho is destroyed!
Azrael the Boundless Flame comes into view.
He is wielding a +1 scimitar of flaming.
You hear a shout!
The hell hound breathes flames at you.
The blast of flame hits the fire elemental.
The fire elemental completely resists.
The blast of flame hits you.
The orc warrior shouts!
The fire elemental closely misses you. You block the fire elemental's attack.
The fire elemental hits you. The fire elemental burns you!
Azrael gestures at you.
The bolt of fire hits the hell hound.
The hell hound completely resists.
The bolt of fire hits the hell hound.
The hell hound completely resists.
The bolt of fire hits the fire elemental.
The fire elemental completely resists.
The bolt of fire hits you!! The hell hound breathes flames at you.
The blast of flame hits the fire elemental.
The fire elemental completely resists.
The blast of flame hits you!
* * * LOW HITPOINT WARNING * * *
Items here: )) [[.
The hell hound breathes flames at you.
The blast of flame hits the fire elemental.
The fire elemental completely resists.
The blast of flame hits the fire elemental.
The fire elemental completely resists.
The blast of flame hits you.
* * * LOW HITPOINT WARNING * * *
The fire elemental closely misses you.
Things that are here:
a +0 plate armour; a +0 flail; a +0 short sword
Things that are here:
a +0 ring mail; a +0 hand axe
Items here: )) [[.
The hell hound breathes flames at you.
The blast of flame hits the fire elemental.
The fire elemental completely resists.
The blast of flame hits you!
* * * LOW HITPOINT WARNING * * *
The fire elemental hits you. The fire elemental burns you!
You die...

##^.##...# #....#..##
##......# ##....## . ...
##...### ..#..
##......### ..#..
##.....<...## .○E..
#...........# o○..
##..#@.....## #R.
####E...### ..#.°## ###
##E)...###
.....○#####.###h☼......##
.☼#..#○#°#°R○○°R)[......#
##...○E.°#..○○[).).....#
##......................#
......#....o.##[[)...#.##
.......................##


You could see Azrael (fast), 2 fire elementals and a hell hound.

Vanquished Creatures
  An azure jelly (Lair:4)
  An orc warlord (Orc:2)
  A red draconian (Volcano)
  Snorg (D:12)
  Josephine (D:11)
  Harold (D:9)
  A catoblepas (D:13)
  4 hydras
  An ogre mage (Volcano)
  4 two-headed ogres
  An orc high priest (Orc:1)
  2 orc knights (Orc:1)
  3 cyclopes
  3 ugly things (D:12)
  3 manticores
  4 orc sorcerers
  2 centaur zombies
  4 elephants
  A black mamba (Lair:6)
  8 cane toads
  A torpor snail (Lair:6)
  A gargoyle (Volcano)
  A rime drake (Lair:6)
  6 komodo dragons
  An efreet (D:14)
  A polar bear (Lair:1)
  5 trolls
  14 blink frogs
  3 hornets
  8 slime creatures
  9 spriggans (Lair:6)
  2 wraiths (D:11)
  A basilisk (D:12)
  16 yaks
  2 fire bats (Volcano)
  A vampire (D:10)
  3 wyverns
  Eustachio (D:4)
  A steam dragon (D:8)
  3 vampire mosquitoes (D:12)
  6 water moccasins
  Duvessa (D:7)
  23 orc warriors
  3 necrophages
  4 sky beasts
  2 black bears
  9 ogres
  3 ice beasts
  3 boggarts (Lair:6)
  21 wolves
  9 centaurs
  A kobold brigand (D:8)
  7 bullfrogs
  3 gnoll sergeants
  A wyvern zombie (D:6)
  6 scorpions
  2 wyvern skeletons (D:7)
  Dowan (D:7)
  A water moccasin skeleton (D:5)
  9 killer bees (Lair:1)
  2 wights (D:4)
  2 vampire bats (Lair:6)
  3 howler monkeys
  4 hounds
  2 lava snakes (Volcano)
  7 jellies
  13 orc priests
  A centaur skeleton (D:7)
  Terence (D:3)
  2 iguanas
  4 orc wizards
  4 hell rats (Lair:6)
  A hound skeleton (D:4)
  A howler monkey zombie (D:6)
  12 gnolls
  5 adders
  A shadow imp (D:5)
  A white imp (D:5)
  An ufetubus (D:6)
  3 worms
  2 dart slugs
  41 orcs
  11 bats
  3 endoplasms
  3 giant cockroaches
  5 goblins
  9 hobgoblins
  2 jackals (D:2)
  2 quokkas (D:1)
  5 ball pythons
  2 frilled lizards (D:3)
  14 kobolds
  4 rats
415 creatures vanquished.

Vanquished Creatures (collateral kills)
  An orc warlord (Orc:1)
  A boulder beetle (Lair:3)
  6 hydras
  4 two-headed ogres
  An orc high priest (Orc:1)
  Urug (Lair:6)
  3 orc knights
  2 black mambas
  4 elephants
  A molten gargoyle (Volcano)
  A rime drake (Lair:1)
  2 komodo dragons
  2 cane toads
  2 unseen horrors
  A demonic crawler (Lair:2)
  A queen bee (Lair:1)
  A polar bear (Lair:6)
  A wind drake (Lair:3)
  4 hornets (Lair:6)
  4 blink frogs
  4 slime creatures
  A wraith (D:11)
  5 spriggans (Lair:6)
  18 yaks
  2 shadows
  Grum (D:10)
  2 vampires
  2 basilisks
  2 vampire mosquitoes (D:12)
  2 wargs (Orc:2)
  An acid dragon (D:12)
  7 water moccasins
  4 black bears
  16 orc warriors
  14 wolves
  5 centaurs
  A necrophage (D:7)
  A boggart (Lair:6)
  An ogre (Orc:1)
  2 kobold brigands
  A scorpion (D:5)
  5 bullfrogs
  15 killer bees (Lair:1)
  4 wights (D:10)
  A howler monkey (D:9)
  4 lava snakes (Volcano)
  2 centaur zombies
  2 jellies
  A bullfrog skeleton (D:7)
  5 orc priests
  A hound (D:5)
  A gnoll shaman (D:9)
  A scorpion zombie (D:5)
  8 orc wizards
  A hell rat (Lair:6)
  6 gnolls
  A shadow imp (D:6)
  30 orcs
  A giant cockroach (Lair:2)
  A goblin (D:8)
  7 kobolds
  4 bats (Lair:6)
236 creatures vanquished.

Vanquished Creatures (others)
  19 battlemagi
  An orc wizard (Orc:1)
  3 orcs
  21 fungi
  24 plants
  6 withered plants (D:10)
74 creatures vanquished.

Grand Total: 725 creatures vanquished

Notes
Turn   | Place    | Note
-------+----------+-------------------------------------------
     0 | D:1      | sbbq2022 the Human Monk began the quest for the Orb.
     0 | D:1      | Reached XP level 1. HP: 18/18 MP: 1/1
   167 | D:1      | Reached XP level 2. HP: 23/24 MP: 2/2
   413 | D:1      | Reached XP level 3. HP: 28/29 MP: 3/3
   632 | D:1      | Reached skill level 1 in Armour
   750 | D:1      | Reached XP level 4. HP: 23/35 MP: 4/4
  1575 | D:3      | Noticed Terence
  1587 | D:3      | Killed Terence
  1588 | D:3      | Reached skill level 4 in Short Blades
  1588 | D:3      | Reached XP level 5. HP: 37/41 MP: 5/5
  1658 | D:3      | Noticed a centaur
  1671 | D:3      | Killed a centaur
  1672 | D:3      | Reached XP level 6. HP: 27/47 MP: 6/6
  1857 | D:3      | Identified the +0 ring mail of Resourcefulness {*Slow rPois
                  | Dex+2}
  1915 | D:3      | Noticed a black bear
  1917 | D:3      | Killed a black bear
  1968 | D:3      | Noticed an ice beast
  2227 | D:3      | Killed an ice beast
  2228 | D:3      | Reached XP level 7. HP: 35/53 MP: 7/7
  2518 | D:3      | Reached skill level 5 in Short Blades
  3218 | D:4      | Noticed Eustachio
  3699 | D:4      | Killed Eustachio
  3700 | D:4      | Reached XP level 8. HP: 38/61 MP: 8/8
  4265 | D:4      | Reached skill level 6 in Short Blades
  5577 | D:5      | Entered Level 5 of the Dungeon
  5592 | D:5      | Reached skill level 5 in Dodging
  5608 | D:5      | Reached skill level 5 in Fighting
  5608 | D:5      | Reached skill level 5 in Stealth
  5768 | D:5      | Reached XP level 9. HP: 40/68 MP: 9/9
  5938 | D:5      | Reached skill level 7 in Short Blades
  6051 | D:5      | Found a staircase to the Ecumenical Temple.
  6076 | Temple   | Entered the Ecumenical Temple
  6912 | D:5      | Found an opulent altar of Gozag.
  6912 | D:5      | Found a hazy altar of Hepliaklqana.
  6920 | D:5      | Became a worshipper of Hepliaklqana the Forgotten
  6920 | D:5      | Reached * piety under Hepliaklqana
  6920 | D:5      | Reached ** piety under Hepliaklqana
  6921 | D:5      | Remembered your ancestor Nozipho as a battlemage
  7782 | D:5      | Reached skill level 8 in Short Blades
  7852 | D:5      | Reached skill level 5 in Armour
  8116 | D:6      | Reached XP level 10. HP: 64/68 MP: 10/10
  9372 | D:7      | Reached skill level 9 in Short Blades
  9396 | D:7      | Reached *** piety under Hepliaklqana
  9561 | D:7      | Found an iron altar of Okawaru.
  9868 | D:7      | Noticed Duvessa
  9871 | D:7      | Noticed Dowan
  9872 | D:7      | Killed Duvessa
  9879 | D:7      | Killed Dowan
 10888 | D:8      | Found a flagged portal.
 10903 | Bailey   | Entered a bailey
 11167 | Bailey   | Noticed an orc knight
 11228 | Bailey   | Killed an orc knight
 11229 | Bailey   | Reached XP level 11. HP: 37/75 MP: 11/11
 11540 | Bailey   | Identified the +0 helmet of Beogh's Supremacy {rC++ Will-
                  | Regen+}
 11644 | D:8      | Found a staircase to the Lair.
 11680 | D:8      | Reached skill level 10 in Short Blades
 12474 | D:9      | Found a runed translucent gate.
 12474 | D:9      | Found a runed translucent gate.
 12474 | D:9      | Found a runed translucent gate.
 12529 | D:9      | Noticed a two-headed ogre
 12599 | D:9      | Noticed Harold
 12624 | D:9      | Killed Harold
 12878 | D:9      | Noticed petzl's ghost (weakling FoAM)
 12893 | D:9      | Found Xytypn's Weapon Boutique.
 12936 | D:9      | Found a stormy altar of Qazlal.
 13038 | D:9      | Noticed an obsidian statue
 13066 | D:9      | Killed a two-headed ogre
 13834 | D:9      | Reached **** piety under Hepliaklqana
 13940 | D:10     | Entered Level 10 of the Dungeon
 14025 | D:10     | Noticed a two-headed ogre
 14034 | D:10     | Killed a two-headed ogre
 14151 | D:10     | Reached skill level 11 in Short Blades
 14319 | D:10     | Learned a level 2 spell: Blink
 14326 | D:10     | Learned a level 6 spell: Conjure Ball Lightning
 14335 | D:10     | Found a runed translucent gate.
 14336 | D:10     | Found a runed translucent gate.
 14338 | D:10     | Noticed a two-headed ogre
 14352 | D:10     | Killed a two-headed ogre
 14353 | D:10     | Reached skill level 1 in Air Magic
 14353 | D:10     | Reached XP level 12. HP: 48/82 MP: 12/12
 14599 | D:10     | Found a runed translucent gate.
 14602 | D:10     | Noticed lonewolfV2's ghost (journeyman MiFi)
 14602 | D:10     | Noticed squill's ghost (journeyman HOCj)
 14616 | D:10     | Found Hiwietakh's General Store.
 14624 | D:10     | Bought a scroll of teleportation for 42 gold pieces
 14629 | D:10     | Noticed Grum
 14643 | D:10     | Reached skill level 1 in Spellcasting
 14652 | D:10     | Killed Grum
 14784 | D:10     | Found Ubiacw's Armour Emporium.
 14830 | D:11     | Noticed Josephine
 14859 | D:11     | Killed Josephine
 15628 | D:11     | Noticed a skeletal warrior
 15629 | D:11     | Noticed a skeletal warrior
 15629 | D:11     | Noticed a skeletal warrior
 15820 | D:11     | Found a staircase to the Orcish Mines.
 16812 | D:12     | Reached ***** piety under Hepliaklqana
 17092 | D:12     | Noticed Snorg
 17103 | D:12     | Killed Snorg
 17104 | D:12     | Reached skill level 12 in Short Blades
 17211 | D:12     | Noticed a four-headed hydra
 17217 | D:12     | Killed a four-headed hydra
 17257 | D:12     | Reached skill level 5 in Air Magic
 17257 | D:12     | Reached XP level 13. HP: 89/89 MP: 17/17
 17816 | D:13     | Noticed a catoblepas
 17835 | D:13     | Killed a catoblepas
 18165 | D:13     | Noticed a five-headed hydra
 18173 | D:13     | Killed a five-headed hydra
 18262 | D:13     | Reached skill level 1 in Shields
 19111 | D:14     | Noticed a centaur warrior
 19276 | Lair:1   | Entered Level 1 of the Lair of Beasts
 19469 | Lair:1   | Reached skill level 1 in Long Blades
 19978 | Lair:1   | You fall into a shaft and drop 1 floor!
 20457 | Lair:1   | Learned a level 5 spell: Iskenderun's Battlesphere
 20461 | Lair:1   | Learned a level 3 spell: Call Canine Familiar
 20753 | Lair:2   | Found a hole to the Spider Nest.
 20937 | Lair:2   | Reached skill level 1 in Conjurations
 21079 | Lair:2   | Identified the +12 trident "Rummage" {drain, *Slow rF+ rC+
                  | Int+3 SInv}
 21407 | Lair:3   | Reached ****** piety under Hepliaklqana
 21438 | Lair:3   | Identified the ring "Loer Mounale" {Will++ Str+5 Slay+4}
 21455 | Lair:3   | Reached skill level 1 in Summonings
 21520 | Lair:3   | Reached XP level 14. HP: 88/97 MP: 20/20
 22162 | Lair:3   | Found a staircase to the Shoals.
 22784 | Lair:4   | Found a broken altar of Ashenzari.
 22944 | Lair:4   | Identified the +2 buckler "Bafiehopp" {rC+ rCorr}
 23569 | Lair:4   | Noticed an azure jelly
 23688 | Lair:4   | Killed an azure jelly
 24164 | Lair:5   | Found a dark tunnel.
 24194 | Volcano  | Entered a volcano
 24443 | Volcano  | Found a burning altar of Makhleb.
 24450 | Volcano  | Reached skill level 5 in Spellcasting
 24526 | Volcano  | Noticed a red draconian
 24537 | Volcano  | Killed a red draconian
 24583 | Volcano  | Reached skill level 5 in Long Blades
 25168 | Lair:6   | Entered Level 6 of the Lair of Beasts
 25269 | Lair:6   | Reached XP level 15. HP: 103/103 MP: 22/22
 25487 | Lair:6   | Found a viscous altar of Jiyva.
 25487 | Lair:6   | Found a staircase to the Slime Pits.
 25576 | Lair:6   | Reached skill level 10 in Dodging
 25724 | Lair:6   | Reached skill level 5 in Conjurations
 25755 | Lair:6   | Reached skill level 5 in Summonings
 26241 | Lair:6   | Found a runed translucent door.
 26244 | Lair:6   | Noticed Bunu's ghost (journeyman TeAE)
 26251 | Lair:6   | Identified the +10 trident of the Witching Seer {vamp,
                  | *Slow rElec Str+4 Dex+4}
 26288 | Lair:6   | Reached skill level 10 in Fighting
 26288 | Lair:6   | Reached skill level 5 in Shields
 26288 | Lair:6   | Noticed Urug
 26315 | Lair:6   | Killed Urug
 26896 | Orc:1    | Entered Level 1 of the Orcish Mines
 26941 | Orc:1    | Found Raer's Jewellery Emporium.
 27111 | Orc:1    | Noticed an orc warlord
 27281 | Orc:1    | Killed an orc warlord
 28029 | Orc:1    | Found a radiant altar of Vehumet.
 28122 | Orc:2    | Entered Level 2 of the Orcish Mines
 28135 | Orc:2    | Noticed an orc warlord
 28307 | Orc:2    | Killed an orc warlord
 28433 | Orc:2    | Found a staircase to the Elven Halls.
 28932 | Orc:2    | Noticed Azrael
 28943 | Orc:2    | Slain by a fire elemental

Illustrated notes

Levels and vault maps discovered:
D:1:      minmay_arrival_plants_in_alcoves, layout_basic, st_stairs_8
D:2:      minmay_evil_eye, layout_rooms, kennysheep_pointless_box
D:3:      cheibrodos_pilgrimage, layout_loops_ring, minmay_bisected,
          uniq_terence
D:4:      minmay_general_purpose_star, layout_basic, uniq_eustachio
D:5:      layout_cave_pods, jmf_multi_god_temple, minmay_temple_entry_overgrown
D:6:      layout_loops_ring, glass_columns_c
D:7:      layout_loops_ring, mainiacjoe_overflow_concentric_impassable,
          uniq_duvessa
D:8:      layout_basic, dpeg_oklobed_lair, enter_bailey_3,
          minmay_tree_intersection, lightli_minifort
D:9:      minmay_statue_hallways, layout_small_grid, grunt_qazlal_sundering,
          gammafunk_ghost_icy, serial_shops, nicolae_shop_advertising_works
          [nicolae_subvault_shop_adworks], uniq_harold
D:10:     layout_basic, serial_shops, kennysheep_little_box, shop,
          gammafunk_ghost_cemetery, uniq_grum
D:11:     layout_loops_ring, orc_0_dummy, uniq_josephine
D:12:     layout_gridville, uniq_snorg
D:13:     layout_gridville, chequers_decorated_corner
D:14:     layout_loops_ring, david_vaults_5, nicolae_elyvilon_peaceful_grove
Temple:   regret_index_temple_mists
Lair:1:   layout_roguey, special_room [special_room_bee], serial_bayou_shore_b,
          grunt_megastairs_5
Lair:2:   layout_regular_city, nicolae_spider_entry_non_spiders,
          beast_lair_carwin_11
Lair:3:   beast_lair_carwin_large_1, layout_cellular_growth,
          minmay_shoals_entry_beasts
Lair:4:   layout_layer_cave, basic_altar, nicolae_lair_time_for_slime
Lair:5:   layout_long_grid, nicolae_volcano_entry_two_sided,
          infiniplex_staircase_pool, serial_bayou_shore_a
Lair:6:   minmay_lair_end_enchanted_forest, layout_cave_pods, slime_altar_1,
          ebering_ghost_funeral_grove, roderic_batcave,
          nicolae_quartered_pool_impasse, uniq_urug
Orc:1:    orc_temple, layout_diamond_mine, basic_altar, serial_shops, shop,
          mines1_david
Orc:2:    st_orc_rangers, layout_caves, uniq_azrael

Skill      XL: |  1  2  3  4  5  6  7  8  9 10 11 12 13 14 15 |
---------------+----------------------------------------------+-----
Armour         | 1 2 3 4 5 6 7 8 9 |  9.7
Short Blades   | 4 5 6 8 9 11 12 | 12.5
Stealth        | 3 4 5 6 7 8 |  8.3
Dodging        | 4 5 6 7 8 9 10 | 10.2
Fighting       | 4 5 6 7 8 9 10 | 10.2
Air Magic      | 1 5 7 8 9 |  9.2
Spellcasting   | 3 4 5 |  5.7
Shields        | 3 4 5 |  5.4
Long Blades    | 3 5 6 |  6.5
Conjurations   | 1 4 6 |  6.2
Summonings     | 1 4 6 |  6.3

Action                   |  1- 3 |  4- 6 |  7- 9 | 10-12 | 13-15 || total
-------------------------+-------+-------+-------+-------+-------++-------
Melee: Short sword       |    79 |    25 |       |       |       ||   104
       Punch             |     5 |     4 |    15 |    23 |     1 ||    48
       Rapier            |       |    61 |   137 |    68 |       ||   266
       Dagger            |       |    35 |   315 |   735 |    62 ||  1147
       Scimitar          |       |       |       |       |   874 ||   874
 Cast: Blink             |       |       |       |     1 |       ||     1
Invok: Ancestor Life: Ba |       |       |     1 |       |       ||     1
       Recall Ancestor   |       |       |       |     1 |     4 ||     5
Evoke: Wand              |       |       |       |     9 |    18 ||    27
  Use: Potion            |       |       |     4 |     2 |     1 ||     7
       Scroll            |       |       |       |     6 |     7 ||    13
 Stab: Sleeping          |       |     2 |     3 |    19 |    32 ||    56
       Distracted        |       |       |       |    10 |    18 ||    28
       Paralysed         |       |       |       |       |     4 ||     4
Armor: Ring mail         |    45 |    73 |   132 |    89 |       ||   339
       Robe              |     4 |       |       |       |       ||     4
       Steam dragon scal |       |       |       |    66 |   272 ||   338
       Skin              |       |       |       |       |     5 ||     5
Dodge: Dodged            |    66 |    65 |   227 |   418 |   778 ||  1554
Block: Buckler           |       |       |       |       |   332 ||   332

Table legend: (Time is in decaauts)
 A = Elapsed time spent in this place.
 B = Non-inter-level travel time spent in this place.
 C = Inter-level travel time spent in this place.
 D = Time resting spent in this place.
 E = Time spent auto-exploring this place.
 F = Levels seen in this place.
 G = Mean time per level.
                   A        B        C        D        E       F      G
               +--------+--------+--------+--------+--------+-----+--------+
         Total |  28506 |  27244 |   1262 |   5005 |  15904 |  25 | 1140.2 |
       Dungeon |  18008 |  17290 |    718 |   4031 |   9779 |  14 | 1286.3 |
        Temple |    305 |    243 |     62 |      0 |    220 |   1 |  305.0 |
          Lair |   6989 |   6645 |    344 |    267 |   4822 |   6 | 1164.8 |
  Orcish Mines |   1931 |   1795 |    136 |    401 |    718 |   2 |  965.5 |
        Bailey |    698 |    698 |      0 |    196 |    271 |   1 |  698.0 |
       Volcano |    574 |    574 |      0 |    110 |     93 |   1 |  574.0 |
               +--------+--------+--------+--------+--------+-----+--------+

Top non-repeatable levels by time:
     D:4: 2597 daAuts
     D:3: 1824 daAuts
     D:5: 1755 daAuts
     D:8: 1658 daAuts
  Lair:6: 1535 daAuts
     D:7: 1432 daAuts
   Orc:1: 1424 daAuts
  Lair:4: 1357 daAuts
    D:13: 1313 daAuts
  Lair:1: 1312 daAuts
    D:10: 1257 daAuts
  Lair:3: 1252 daAuts
    D:11: 1202 daAuts
    D:12: 1112 daAuts
     D:9: 1045 daAuts
